Cogmind - Beta 12 @@@ ROGUE MODE // 2023.03.23 @ 01:11:47 Player: Lunatic Blue Result: Destroyed by Enhanced Grunt with Neutron Cannon Performance ------------- Evolutions (4) 2000 Regions Visited (14) 2800 Robots Destroyed (111) 555 Value Destroyed (2477) 2477 Prototype IDs (21) 420 Alien Tech Used (0) 0 Bonus (1145) 1145 TOTAL SCORE: 9397 Bonus ------- High Alert Combat Kills 97 Follower Combat Kills 448 Met Data Miner 300 Met Imprinter 300 Cogmind --------- Core Integrity 0/850 Matter 300/300 Energy 99/100 System Corruption 2% Temperature Cool (0) Movement Core (100) Ox1 Location -6/Data Miner Parts ------- > --- POWER (1) -------- (None) > --- PROPULSION (6) --- (None) > --- UTILITY (6) ------ Improved Signal Interpreter > --- WEAPON (2) ------- Phasing Sabre > --- INVENTORY (5) ---- Angular Momentum Engine Improved Trap Extractor (0/6) Heavy Ion Cannon Shock Maul Phasing Sabre Peak State ------------ > --- POWER ------------ Light Fission Core > --- PROPULSION ------- Improved VTOL Module Improved VTOL Module Improved VTOL Module Xenon Bombardment Thruster Improved Cesium-ion Thruster Makeshift Flight Unit > --- UTILITY ---------- Medium Storage Unit Improved Sensor Array Cloaking Device Improved Light Armor Plating Hacking Suite Improved System Restoration Module > --- WEAPON ----------- Improved Heavy Machine Gun Phasing Sabre > --- INVENTORY -------- Micro Nuclear Core Advanced Sensor Array Transmission Jammer Trap Extractor Heavy Ion Cannon Heavy Missile Launcher Plasma Cutter Shock Maul Phasing Sabre [Rating: 65] Favorites ----------- Power Ion Engine Engine Ion Engine Power Core Light Nuclear Core Propulsion Light Treads Treads Light Treads Leg Aluminum Leg Wheel Armored Wheel Flight Unit Improved VTOL Module Utility Improved Heat Sink Device Improved Heat Sink Storage Huge Storage Unit Processor Machine Analyzer Hackware Hacking Suite Protection Hardened Light Armor Plating Weapon Advanced Beam Cannon Energy Gun Small Laser Energy Cannon Advanced Beam Cannon Ballistic Gun Improved Assault Rifle Launcher Rocket Launcher Impact Weapon Shock Maul Slashing Weapon Phasing Sabre Piercing Weapon CR-A16's Pointy Stick Special Melee Weapon Improved Datajack Build | -11 -10 -10 -9 -9 -8 -7 -7 -7 -7 -6 -6 -6 -6 -6 ------- Run | Jun Mat Min Mat Sto Mat Fac Low Low Zio Pro Fac Low Low Dat Slots Evolved 8 | . . . 2 . 2 2 . . . . 2 . . . Power . | . . . . . . . . . . . . . . . Propulsion 4 | . . . 1 . 1 . . . . . 2 . . . Utility 4 | . . . 1 . 1 2 . . . . . . . . Weapon . | . . . . . . . . . . . . . . . Parts Attached 122 | . 23 1 11 14 14 27 1 . 8 4 14 2 2 1 Power 11 | . 4 . . 2 1 1 . . 1 . 2 . . . Engine 5 | . 4 . . 1 . . . . . . . . . . Core 6 | . . . . 1 1 1 . . 1 . 2 . . . Reactor . | . . . . . . . . . . . . . . . Propulsion 35 | . 4 . 6 7 5 10 . . 1 . 2 . . . Treads 17 | . 2 . 3 7 5 . . . . . . . . . Leg . | . . . . . . . . . . . . . . . Wheel 4 | . 2 . 2 . . . . . . . . . . . Hover . | . . . . . . . . . . . . . . . Flight 14 | . . . 1 . . 10 . . 1 . 2 . . . Utility 36 | . 5 1 2 3 3 8 1 . 3 3 6 1 . . Device 18 | . 3 . 1 2 . 3 . . 2 2 4 1 . . Storage 4 | . 2 1 . . . 1 . . . . . . . . Processor 3 | . . . . . 1 1 . . . . 1 . . . Hackware 4 | . . . . . . 2 1 . 1 . . . . . Protection 7 | . . . 1 1 2 1 . . . 1 1 . . . Artifact . | . . . . . . . . . . . . . . . Weapon 40 | . 10 . 3 2 5 8 . . 3 1 4 1 2 1 Energy Gun 3 | . 3 . . . . . . . . . . . . . Energy Cannon 5 | . 3 . 2 . . . . . . . . . . . Ballistic Gun 10 | . 4 . . 2 3 . . . . . 1 . . . Ballistic Cannon . | . . . . . . . . . . . . . . . Launcher 4 | . . . 1 . 1 . . . . . 1 . 1 . Special Weapon . | . . . . . . . . . . . . . . . Impact Weapon 6 | . . . . . 1 5 . . . . . . . . Slashing Weapon 5 | . . . . . . . . . 1 . 1 1 1 1 Piercing Weapon 1 | . . . . . . . . . 1 . . . . . Special Melee Weapon 6 | . . . . . . 3 . . 1 1 1 . . . Unidentified Prototypes 9 | . 1 . 1 1 1 2 . . 2 . 1 . . . Parts Lost 25 | . 2 . . 3 1 . 2 2 . . 8 2 2 3 Power 3 | . . . . . . . . 1 . . 1 1 . . Propulsion 10 | . 2 . . 2 . . . . . . 3 . 1 2 Utility 11 | . . . . 1 1 . 2 1 . . 3 1 1 1 Weapon 1 | . . . . . . . . . . . 1 . . . Highest Loss Streak 4 | . 1 . . 1 1 . 2 2 . . 4 2 3 3 To Critical Strikes . | . . . . . . . . . . . . . . . Average Slot Usage (%) 93 | . 97 100 99 98 100 96 98 90 89 92 93 51 33 28 Engine 5 | . 14 14 11 2 2 . . . . . . . . . Core 4 | . . . . 8 6 7 7 6 7 7 5 5 . . Treads 17 | . 12 14 26 33 36 . . . . . . . . . Wheel 3 | . 11 14 6 . . . . . . . . . . . Flight 9 | . . . . . . 29 30 30 30 30 38 20 13 11 Device 11 | . 12 14 13 11 9 14 15 14 7 8 13 6 6 . Storage 9 | . 14 14 11 11 9 7 7 7 7 7 6 6 6 5 Processor 3 | . . . . . 9 7 5 . . . . 6 6 6 Hackware 4 | . . . . . . 14 15 15 21 23 14 5 . . Protection 3 | . . . 7 10 9 . . . . 1 1 . . . Energy Gun 1 | . 7 . . . . . . . . . . . . . Energy Cannon 8 | . 13 28 21 21 . . . . . . . . . . Ballistic Gun 5 | . 6 . . . 17 . . . . . . . . . Special Melee Weapon 1 | . . . . . . 6 7 7 6 4 5 . . . Naked Turns . | . . . . . . . . . . . . . . . Heaviest Build 99 | 11 54 94 99 99 97 24 21 21 26 24 29 21 15 14 Greatest Support 80 | 20 20 12 60 60 80 24 21 21 24 24 29 16 16 10 Greatest Overweight (x) 7 | . 5 7 3 1 1 1 . . 1 . . 1 1 2 Average Overweight (x) . | . 2 5 1 1 1 . . . . . . . . . Largest Inventory Capacity 25 | . 20 25 25 25 25 25 10 10 10 10 10 10 10 10 Average Capacity 18 | . 15 23 25 25 25 10 10 10 10 10 10 10 10 9 Most Carried 25 | . 20 24 25 25 25 25 10 10 10 10 10 10 10 10 Average Carried 17 | . 13 20 24 24 24 9 9 9 9 9 9 9 9 6 Final Capacity 25 | 8 20 25 25 25 25 10 10 10 10 10 10 10 10 5 Final Carried 25 | 6 20 24 25 24 25 9 9 10 10 10 10 10 10 5 Class Distribution -------------------- 38% | Mutant 35% | Scavenger-Mutant 14% | Hacker-Sprinter 8% | Scavenger-Scout Dominant Class ---------------- Mutant | -10/Materials Mutant | -10/Mines Mutant | -9/Materials Scavenger-Mutant | -9/Storage Scavenger-Mutant | -8/Materials Scavenger-Scout | -7/Factory Scavenger-Scout | -7/Lower Caves Hacker-Sprinter | -7/Lower Caves Hacker-Sprinter | -7/Zion Hacker-Sprinter | -6/Proximity Caves Hacker-Sprinter | -6/Factory Mutant | -6/Lower Caves Mutant | -6/Lower Caves Mutant | -6/Data Miner Resources | -11 -10 -10 -9 -9 -8 -7 -7 -7 -7 -6 -6 -6 -6 -6 ----------- Run | Jun Mat Min Mat Sto Mat Fac Low Low Zio Pro Fac Low Low Dat Matter Collected 1900 | 167 314 10 132 90 578 242 28 10 57 43 75 53 101 . Remotely . | . . . . . . . . . . . . . . . Salvage Created 4015 | . 1063 301 589 725 926 89 56 27 . . 213 . 26 . Parts 222 | . 69 8 34 44 46 3 1 . . . 15 . 2 . Haulers Intercepted 14 | . 2 . 3 2 5 1 . . . . 1 . . . Recyclers Shooed 2 | . . . . 1 1 . . . . . . . . . Parts Field Recycled . | . . . . . . . . . . . . . . . Retrieved Matter . | . . . . . . . . . . . . . . . Parts Self-Destructed 8 | . . . . . . . 3 . . 3 . . 2 . Prevented 7 | . . . . . . . 3 . . 4 . . . . Kills | -11 -10 -10 -9 -9 -8 -7 -7 -7 -7 -6 -6 -6 -6 -6 ------- Run | Jun Mat Min Mat Sto Mat Fac Low Low Zio Pro Fac Low Low Dat Combat Hostiles Destroyed 64 | . 21 2 10 13 10 1 . . . . 4 . 3 . Melee 3 | . . . . . 1 1 . . . . 1 . . . Guns 21 | . 14 . . . 7 . . . . . . . . . Cannons 28 | . 7 2 7 12 . . . . . . . . . . AOE 11 | . . . 3 . 2 . . . . . 3 . 3 . Classes Destroyed 14 | . 9 1 1 . 1 1 . 1 . . . . . . Worker 7 | . . 1 2 1 2 1 . . . . . . . . Builder 4 | . 2 . . . . . . . . . 2 . . . Tunneler 1 | . 1 . . . . . . . . . . . . . Hauler 14 | . 2 . 3 2 5 1 . . . . 1 . . . Recycler 6 | . 1 2 2 . 1 . . . . . . . . . Mechanic 2 | . 1 . . 1 . . . . . . . . . . Operator 5 | . 2 . 2 1 . . . . . . . . . . Watcher 8 | . 2 . . 2 3 . . . . . 1 . . . Swarmer 20 | . 6 . 4 3 1 . . . . . 3 . 3 . Grunt 33 | . 15 2 5 6 5 . . . . . . . . . Sentry 8 | . . . 1 4 3 . . . . . . . . . Hunter 1 | . . . . . 1 . . . . . . . . . Programmer 2 | . . . . . . 1 . . . . 1 . . . Tinkerer 1 | . . . . . . . . 1 . . . . . . Best Kill Streak 7 | . 7 4 6 4 7 2 . . . . 5 . 3 . Combat Bots Only 6 | . 6 2 4 4 4 1 . . . . 3 . 3 . Max Kills in Single Turn 3 | . 2 1 3 2 2 1 . 1 . . 3 . 1 . Gunslinging . | . . . . . . . . . . . . . . . Exploded 2 | . . . 2 . 2 . . . . . 2 . 1 . Melee 1 | . . . . . 1 1 . . . . 1 . . . Uniques/NPCs Destroyed . | . . . . . . . . . . . . . . . Combat | -11 -10 -10 -9 -9 -8 -7 -7 -7 -7 -6 -6 -6 -6 -6 -------- Run | Jun Mat Min Mat Sto Mat Fac Low Low Zio Pro Fac Low Low Dat Damage Taken 4754 | . 663 . 175 694 949 145 54 100 . 30 1042 58 287 557 Core 1323 | . 122 . 27 77 64 89 . 28 . 17 312 18 124 445 Absorbed by Shields . | . . . . . . . . . . . . . . . Core Remaining (%) 78 | 100 . 51 . 74 88 . . . . 80 . . . . Volleys Fired 228 | . 88 5 25 37 67 . . . . . 3 . 3 . Largest 2 | . 2 2 2 2 2 . . . . . 1 . 1 . Hottest 136 | . 136 136 136 136 46 . . . . . 39 . 39 . Shots Fired 442 | . 175 10 45 74 132 . . . . . 3 . 3 . Gun 253 | . 123 . . . 130 . . . . . . . . . Cannon 179 | . 52 10 43 74 . . . . . . . . . . Launcher 10 | . . . 2 . 2 . . . . . 3 . 3 . Special . | . . . . . . . . . . . . . . . Kinetic 186 | . 56 . . . 130 . . . . . . . . . Thermal 246 | . 119 10 43 74 . . . . . . . . . . Explosive 10 | . . . 2 . 2 . . . . . 3 . 3 . Electromagnetic . | . . . . . . . . . . . . . . . Robot Hit Streak 20 | . 18 15 18 14 20 . . . . . 1 . 2 . Robot Miss Streak 4 | . 4 . 4 4 4 . . . . . 1 . . . Penetration Max . | . . . . . . . . . . . . . . . Secondary Targets 1 | . . . . . 1 . . . . . . . . . Max Gunslinging Chain 1 | . . . . . 1 . . . . . . . . . Shots Hit Robots 300 | . 109 8 18 44 86 9 1 1 3 . 17 . 2 2 Core Hits 151 | . 50 6 22 20 35 . . . . . 13 . 4 1 Critical Kills 3 | . . . . 1 2 . . . . . . . . . Critical Parts Destroyed 7 | . 1 . . . 1 4 1 . . . . . . . Critical Strikes 16 | . 6 . . 1 3 4 1 . . . 1 . . . Burn 5 | . 5 . . . . . . . . . . . . . Meltdown 1 | . . . . 1 . . . . . . . . . . Destroy 3 | . 1 . . . 2 . . . . . . . . . Smash 6 | . . . . . 1 4 1 . . . . . . . Sever 1 | . . . . . . . . . . . 1 . . . Melee Attacks 131 | . . . . . 1 20 13 18 8 1 61 2 3 4 Impact 52 | . . . . . 1 19 13 18 1 . . . . . Slashing 73 | . . . . . . . . . 3 1 60 2 3 4 Piercing 1 | . . . . . . . . . 1 . . . . . Sneak Attacks 10 | . . . . . . 3 . 1 3 . 2 . . 1 Combat Hostiles . | . . . . . . . . . . . . . . . Follow-up Attacks . | . . . . . . . . . . . . . . . Damage Inflicted 7387 | . 1428 167 742 978 1533 508 117 100 . . 1419 . 285 110 Guns 2112 | . 800 . . . 1312 . . . . . . . . . Cannons 2223 | . 628 167 450 978 . . . . . . . . . . Explosions 1299 | . . . 292 . 164 . . . . . 558 . 285 . Melee 1739 | . . . . . 43 508 117 100 . . 861 . . 110 Ramming 14 | . . . . . 14 . . . . . . . . . Kinetic 1631 | . 319 . . . 1312 . . . . . . . . . Thermal 2704 | . 1109 167 450 978 . . . . . . . . . . Explosive 1299 | . . . 292 . 164 . . . . . 558 . 285 . Electromagnetic . | . . . . . . . . . . . . . . . Impact 768 | . . . . . 43 508 117 100 . . . . . . Slashing 971 | . . . . . . . . . . . 861 . . 110 Piercing . | . . . . . . . . . . . . . . . Highest Corruption 6 | . . . . . . . 6 6 6 . 3 2 2 2 Average Corruption 2 | . . . . . . . 6 6 6 . 2 2 2 2 Corruption Purged 4 | . . . . . . . . . . . 4 . . . Corruption Blocked . | . . . . . . . . . . . . . . . Effects 11 | . . . . . . . . 3 . . 3 1 3 1 Message Errors 8 | . . . . . . . . 2 . . 3 1 2 . Heat Flow Errors 1 | . . . . . . . . . . . . . . 1 Data Loss (minor) 1 | . . . . . . . . 1 . . . . . . Data Loss (major) 1 | . . . . . . . . . . . . . 1 . Overload Shots . | . . . . . . . . . . . . . . . Overflow Damage 728 | . . . 3 6 43 376 117 50 . . 97 . 29 7 Projectiles 8 | . . . 2 6 . . . . . . . . . . Explosions 53 | . . . 1 . . . . . . . 23 . 29 . Melee 667 | . . . . . 43 376 117 50 . . 74 . . 7 Knockbacks 2 | . . . . . . 1 . 1 . . . . . . Impact 2 | . . . . . . 1 . 1 . . . . . . Kinetic . | . . . . . . . . . . . . . . . Secondary . | . . . . . . . . . . . . . . . Self-Inflicted Damage 31 | . . . . . . . . . . . . . 31 . Shots 1 | . . . . . . . . . . . . . 1 . Rammed 2 | . . . . . 2 . . . . . . . . . Targets Rammed 2 | . . . . . 2 . . . . . . . . . Kicked . | . . . . . . . . . . . . . . . Crushed . | . . . . . . . . . . . . . . . Highest Temperature 309 | . 261 66 123 309 9 2 . . . 4 25 . . 194 Average Temperature 64 | . 50 34 38 96 9 2 . . . 4 7 . . 111 Received Heat Transfer 1212 | . 228 . 27 258 381 39 . . . 9 153 27 90 . Siege Activations . | . . . . . . . . . . . . . . . Robots Corrupted . | . . . . . . . . . . . . . . . Combat Hostiles . | . . . . . . . . . . . . . . . Parts Fried 1 | . . . . . . . . 1 . . . . . . Impact Corruptions 16 | . . . . . 2 10 1 3 . . . . . . Robots Melted 1 | . . . . 1 . . . . . . . . . . Combat Hostiles 1 | . . . . 1 . . . . . . . . . . Parts Melted 11 | . 7 . 1 3 . . . . . . . . . . Heat Transferred 5520 | . 2745 296 777 1702 . . . . . . . . . . Parts Sabotaged . | . . . . . . . . . . . . . . . Parts Stolen . | . . . . . . . . . . . . . . . Parts Stripped . | . . . . . . . . . . . . . . . Power Chain Reactions . | . . . . . . . . . . . . . . . Missiles Intercepted . | . . . . . . . . . . . . . . . Alert | -11 -10 -10 -9 -9 -8 -7 -7 -7 -7 -6 -6 -6 -6 -6 ------- Run | Jun Mat Min Mat Sto Mat Fac Low Low Zio Pro Fac Low Low Dat Peak Influence 625 | . 387 109 390 476 625 341 . . . . 339 . . . Initial 200 | . . 109 . 125 200 59 . . . . 9 . . . Average 231 | . 203 68 189 325 348 158 . . . . 111 . . . Maximum Alert Level 2 | . 1 . 1 2 2 1 . . . . 1 . . . Low Security (%) 47 | . 43 100 53 15 19 81 . . . . 84 . . . Level 1 35 | . 56 . 46 62 36 18 . . . . 15 . . . Level 2 16 | . . . . 22 44 . . . . . . . . . Level 3 . | . . . . . . . . . . . . . . . Level 4 . | . . . . . . . . . . . . . . . Level 5 . | . . . . . . . . . . . . . . . High Security . | . . . . . . . . . . . . . . . Max Security . | . . . . . . . . . . . . . . . Squads Dispatched 27 | . 7 . 5 3 1 4 . . . . 7 . . . Investigation 8 | . 5 . 1 . . 1 . . . . 1 . . . Extermination 4 | . . . . . . 2 . . . . 2 . . . Reinforcement 11 | . 2 . 4 . 1 1 . . . . 3 . . . Assault 2 | . . . . 2 . . . . . . . . . . Garrison 2 | . . . . 1 . . . . . . 1 . . . Intercept . | . . . . . . . . . . . . . . . Searches Triggered . | . . . . . . . . . . . . . . . Construction Impeded . | . . . . . . . . . . . . . . . Haulers Reinforced 2 | . . . . . . . . . . . 2 . . . Active Scanning Responses . | . . . . . . . . . . . . . . . Cargo Convoy Interrupts . | . . . . . . . . . . . . . . . Stealth | -11 -10 -10 -9 -9 -8 -7 -7 -7 -7 -6 -6 -6 -6 -6 --------- Run | Jun Mat Min Mat Sto Mat Fac Low Low Zio Pro Fac Low Low Dat Distress Signals 10 | . 2 . 2 3 . 1 . . . . 2 . . . Communications Jammed . | . . . . . . . . . . . . . . . Distress Signals . | . . . . . . . . . . . . . . . Times Spotted 191 | . 32 2 16 25 32 15 3 9 . 4 38 3 8 4 Peak Tracking Total 19 | . 6 1 4 9 6 6 5 12 . 3 19 4 4 4 Tactical Retreats 20 | . 2 . 1 2 1 4 2 . . 1 6 1 . . Traps | -11 -10 -10 -9 -9 -8 -7 -7 -7 -7 -6 -6 -6 -6 -6 ------- Run | Jun Mat Min Mat Sto Mat Fac Low Low Zio Pro Fac Low Low Dat Traps Triggered 5 | . 3 . . 1 1 . . . . . . . . . Indirectly . | . . . . . . . . . . . . . . . Trap Hack Attempts 16 | . . . . . . 16 . . . . . . . . Triggered . | . . . . . . . . . . . . . . . Disarmed . | . . . . . . . . . . . . . . . Reprogrammed 2 | . . . . . . 2 . . . . . . . . Reused . | . . . . . . . . . . . . . . . Traps Extracted . | . . . . . . . . . . . . . . . Installed . | . . . . . . . . . . . . . . . Triggered . | . . . . . . . . . . . . . . . Machines | -11 -10 -10 -9 -9 -8 -7 -7 -7 -7 -6 -6 -6 -6 -6 ---------- Run | Jun Mat Min Mat Sto Mat Fac Low Low Zio Pro Fac Low Low Dat Machines Disabled 5 | . . . 1 1 . . . 1 . . 1 . . 1 Max in Single Turn 1 | . . . 1 1 . . . 1 . . 1 . . 1 Garrison Access 1 | . . . . 1 . . . . . . . . . . Machines Repaired . | . . . . . . . . . . . . . . . Machines Sabotaged . | . . . . . . . . . . . . . . . Overloaded Fab Kills . | . . . . . . . . . . . . . . . Hacking | -11 -10 -10 -9 -9 -8 -7 -7 -7 -7 -6 -6 -6 -6 -6 --------- Run | Jun Mat Min Mat Sto Mat Fac Low Low Zio Pro Fac Low Low Dat Machines Accessed 49 | . 7 . 2 6 3 15 . . . . 11 1 . 4 Terminals 32 | . 5 . 2 5 3 7 . . . . 9 1 . . Fabricators 4 | . . . . . . 3 . . . . 1 . . . Repair Stations 1 | . . . . . . 1 . . . . . . . . Recycling Units 4 | . 2 . . . . 1 . . . . 1 . . . Scanalyzers 2 | . . . . . . 2 . . . . . . . . Garrison Access 2 | . . . . 1 . 1 . . . . . . . . Total Hacks 150 | . 19 . 5 16 6 37 . . . . 36 2 . 29 Successful 87 | . 7 . 1 9 3 22 . . . . 14 2 . 29 Failed 63 | . 12 . 4 7 3 15 . . . . 22 . . . Catastrophic 8 | . 3 . 2 . 1 2 . . . . . . . . Database Lockouts . | . . . . . . . . . . . . . . . Manual 56 | . 13 . 5 9 6 11 . . . . 12 . . . Terminals 87 | . 12 . 5 14 6 16 . . . . 32 2 . . Fabricators 10 | . . . . . . 8 . . . . 2 . . . Repair Stations 2 | . . . . . . 2 . . . . . . . . Recycling Units 11 | . 7 . . . . 2 . . . . 2 . . . Scanalyzers 8 | . . . . . . 8 . . . . . . . . Garrison Access 3 | . . . . 2 . 1 . . . . . . . . Terminal Hacks 55 | . 3 . 1 6 3 5 . . . . 6 2 . 29 Record 13 | . . . . . . . . . . . . 2 . 11 Part Schematic 13 | . . . . . . 2 . . . . . . . 11 Robot Schematic 4 | . . . . . . . . . . . . . . 4 Robot Analysis 5 | . 3 . . . 1 . . . . . 1 . . . Prototype ID Bank 3 | . . . . . . . . . . . . . . 3 Open Door 2 | . . . . 2 . . . . . . . . . . Open DSF 1 | . . . . . . 1 . . . . . . . . Branch Access Points 2 | . . . 1 . . 1 . . . . . . . . Machine Index 1 | . . . . . . 1 . . . . . . . . Terminal Index 1 | . . . . 1 . . . . . . . . . . Alert Level 1 | . . . . . . . . . . . 1 . . . Unreport Threat 2 | . . . . . 1 . . . . . 1 . . . Locate Traps 3 | . . . . 1 . . . . . . 2 . . . Hauler Manifests 3 | . . . . 1 1 . . . . . 1 . . . Zone Layout 1 | . . . . 1 . . . . . . . . . . Fabricator Hacks 5 | . . . . . . 4 . . . . 1 . . . Network Status 2 | . . . . . . 1 . . . . 1 . . . Load Schematic 2 | . . . . . . 2 . . . . . . . . Build 1 | . . . . . . 1 . . . . . . . . Repair Station Hacks . | . . . . . . . . . . . . . . . Recycling Unit Hacks 3 | . 2 . . . . . . . . . 1 . . . Retrieve Components 3 | . 2 . . . . . . . . . 1 . . . Scanalyzer 7 | . . . . . . 7 . . . . . . . . Insert Component 4 | . . . . . . 4 . . . . . . . . Analyze 3 | . . . . . . 3 . . . . . . . . Garrison Access Hacks 1 | . . . . 1 . . . . . . . . . . Seal Access 1 | . . . . 1 . . . . . . . . . . Unauthorized Hacks 16 | . 2 . . 2 . 6 . . . . 6 . . . Terminals 11 | . . . . 2 . 3 . . . . 6 . . . Assimilate 6 | . . . . . . 2 . . . . 4 . . . Botnet 2 | . . . . 1 . . . . . . 1 . . . Operators 3 | . . . . 1 . 1 . . . . 1 . . . Fabricators 1 | . . . . . . 1 . . . . . . . . Haulers 1 | . . . . . . 1 . . . . . . . . Repair Stations 1 | . . . . . . 1 . . . . . . . . Mechanics 1 | . . . . . . 1 . . . . . . . . Recycling Units 2 | . 2 . . . . . . . . . . . . . Tunnel 2 | . 2 . . . . . . . . . . . . . Scanalyzers . | . . . . . . . . . . . . . . . Garrison Access 1 | . . . . . . 1 . . . . . . . . Watchers 1 | . . . . . . 1 . . . . . . . . Data Cores Recovered 1 | . . . 1 . . . . . . . . . . . Used . | . . . . . . . . . . . . . . . Hacking Detections 38 | . 6 . 2 3 3 14 . . . . 10 . . . Full Trace Events 5 | . 2 . 1 . . 1 . . . . 1 . . . Feedback Events . | . . . . . . . . . . . . . . . Feedback Blocked . | . . . . . . . . . . . . . . . Robot Schematics Acquired 7 | . . . . . . . . . 3 . . . . 4 Robots Built . | . . . . . . . . . . . . . . . Authchips . | . . . . . . . . . . . . . . . Time . | . . . . . . . . . . . . . . . Total Robot Build Rating . | . . . . . . . . . . . . . . . Part Schematics Acquired 31 | . . . . . . 5 . . 15 . . . . 11 Parts Built 2 | . . . . . . 2 . . . . . . . . Authchips . | . . . . . . . . . . . . . . . Time 31 | . . . . . . 31 . . . . . . . . Total Part Build Rating 4 | . . . . . . 4 . . . . . . . . Parts Repaired . | . . . . . . . . . . . . . . . Time . | . . . . . . . . . . . . . . . Parts Recycled . | . . . . . . . . . . . . . . . Recycled Matter . | . . . . . . . . . . . . . . . Retrieved Matter . | . . . . . . . . . . . . . . . Retrieved Components 14 | . 12 . . . . . . . . . 2 . . . Parts Scanalyzed 3 | . . . . . . 3 . . . . . . . . Part Schematics Acquired 3 | . . . . . . 3 . . . . . . . . Parts Damaged 1 | . . . . . . 1 . . . . . . . . Bothacking | -11 -10 -10 -9 -9 -8 -7 -7 -7 -7 -6 -6 -6 -6 -6 ------------ Run | Jun Mat Min Mat Sto Mat Fac Low Low Zio Pro Fac Low Low Dat Used RIF Installer . | . . . . . . . . . . . . . . . Robots Hacked 4 | . . . . . . 1 . . 3 . . . . . Non-combat 2 | . . . . . . 1 . . 1 . . . . . Combat 2 | . . . . . . . . . 2 . . . . . Robot Hacks Applied 4 | . . . . . . 1 . . 3 . . . . . parse_system 3 | . . . . . . . . . 3 . . . . . find_fabricator 1 | . . . . . . 1 . . . . . . . . Relay Couplers Released . | . . . . . . . . . . . . . . . Fabnet Peak Effective % . | . . . . . . . . . . . . . . . Robots Rewired . | . . . . . . . . . . . . . . . Allies Hacked . | . . . . . . . . . . . . . . . Hacks Repelled . | . . . . . . . . . . . . . . . Allies | -11 -10 -10 -9 -9 -8 -7 -7 -7 -7 -6 -6 -6 -6 -6 -------- Run | Jun Mat Min Mat Sto Mat Fac Low Low Zio Pro Fac Low Low Dat Total Allies 20 | . . 3 . 12 . 2 . . . . 3 . . . Largest Group 12 | . . 3 3 12 7 1 . . . . 2 . . . Highest-Rated Group 150 | . . 40 40 150 110 26 . . . . 52 . . . Highest-Rated Ally 31 | . . 16 16 31 31 26 . . . . 26 . . . Total Orders . | . . . . . . . . . . . . . . . Ally Attacks 138 | . . 3 36 45 54 . . . . . . . . . Total Damage 1625 | . . 32 397 579 617 . . . . . . . . . Kills 25 | . . . 7 6 12 . . . . . . . . . Allies Corrupted . | . . . . . . . . . . . . . . . Allies Melted . | . . . . . . . . . . . . . . . Intel | -11 -10 -10 -9 -9 -8 -7 -7 -7 -7 -6 -6 -6 -6 -6 ------- Run | Jun Mat Min Mat Sto Mat Fac Low Low Zio Pro Fac Low Low Dat Robot Analysis Total 5 | . 3 . . . 1 . . . . . 1 . . . Derelict Logs Recovered 9 | . . 1 . . . . 2 2 1 1 . 1 1 . Drone Launches . | . . . . . . . . . . . . . . . Drone Recoveries . | . . . . . . . . . . . . . . . Exploration | -11 -10 -10 -9 -9 -8 -7 -7 -7 -7 -6 -6 -6 -6 -6 ------------- Run | Jun Mat Min Mat Sto Mat Fac Low Low Zio Pro Fac Low Low Dat Turns Passed 8244 | . 1327 867 532 703 2089 508 201 178 441 144 616 226 315 97 Spaces Moved 8771 | 1 728 480 201 220 768 1229 613 471 1385 426 1549 275 300 125 Core 9 | . . . . . . . . . . . . . . 9 Treads 1122 | . 14 . 120 220 768 . . . . . . . . . Legs 114 | 1 113 . . . . . . . . . . . . . Wheels 1162 | . 601 480 81 . . . . . . . . . . . Hover . | . . . . . . . . . . . . . . . Flight 6364 | . . . . . . 1229 613 471 1385 426 1549 275 300 116 Fastest Speed 26 | 120 80 150 135 240 240 26 26 26 26 31 27 29 29 32 Average Speed 76 | 120 130 176 198 240 240 26 26 26 28 31 27 78 98 66 Slowest Speed 320 | 120 320 195 240 240 240 96 26 26 94 31 31 97 102 175 Overloaded Moves . | . . . . . . . . . . . . . . . Propulsion Burnouts . | . . . . . . . . . . . . . . . Robots Hopped 36 | . . . . . . 3 . . . . 33 . . . Cave-ins Triggered 1 | . . . . . . . 1 . . . . . . . Exploration Rate (%) 57 | 2 83 93 23 46 68 34 66 74 89 66 42 56 49 75 Regions Visited 14 Branch Regions 9 Pre-discovered Areas 7 | . 2 1 . . . . . 1 1 . . 1 . 1 Known Exits Taken 7 | . . . 1 . . 1 . 1 . 1 1 1 1 . Unknown Exits Taken 7 | 1 1 1 . 1 1 . 1 . 1 . . . . . Scrap Searched 17 | . . 1 . . . . 4 4 3 2 . 2 1 . Spaces Dug 115 | . . . 7 . 8 9 12 17 3 1 40 2 16 . Terrain Destroyed 182 | . . . 18 . 20 9 12 17 3 1 54 2 46 . Melee 87 | . . . . . . 9 12 17 3 1 40 2 3 . Projectile 1 | . . . 1 . . . . . . . . . . . AOE 94 | . . . 17 . 20 . . . . . 14 . 43 . Terrain Rammed . | . . . . . . . . . . . . . . . Walls Destroyed . | . . . . . . . . . . . . . . . Machines Disabled . | . . . . . . . . . . . . . . . Actions | -11 -10 -10 -9 -9 -8 -7 -7 -7 -7 -6 -6 -6 -6 -6 --------- Run | Jun Mat Min Mat Sto Mat Fac Low Low Zio Pro Fac Low Low Dat Total 9653 | . 946 492 298 324 886 1381 627 489 1429 437 1616 282 311 135 Wait 205 | . 64 . 27 40 5 46 . . 12 . 9 2 . . Move 8692 | . 727 479 200 219 767 1222 611 470 1384 425 1490 274 299 125 Hop 28 | . . . . . . 3 . . . . 25 . . . Pick Up 91 | . 25 5 16 3 14 10 1 1 7 2 3 1 1 2 Fast Attach 25 | . 6 . 3 3 . 4 . . 3 1 5 . . . Attach 50 | . 4 . 4 3 3 16 1 . 4 3 7 2 2 1 Detach 21 | . . . 2 . . 6 . . 2 3 5 1 2 . Swap 47 | . 13 1 4 8 11 7 . . 1 . 2 . . . Drop 116 | . 19 2 17 11 16 31 . . 8 2 6 . 1 3 Fire 228 | . 88 5 25 37 67 . . . . . 3 . 3 . Melee 131 | . . . . . 1 20 13 18 8 1 61 2 3 4 Ram . | . . . . . . . . . . . . . . . Kick . | . . . . . . . . . . . . . . . Crush 2 | . . . . . 2 . . . . . . . . . Escape Stasis 1 | . . . . . . . 1 . . . . . . . Rewire . | . . . . . . . . . . . . . . . Trap 16 | . . . . . . 16 . . . . . . . . Miscellaneous . | . . . . . . . . . . . . . . . Route ------- -11/Junkyard -10/Materials (discovered 5 exits: *Mat x3 / [*Min x2]) -10/Mines (discovered 2 exits: *Mat x2) -9/Materials (discovered 2 exits: Min / *Sto) -9/Storage -8/Materials -7/Factory (discovered 3 exits: *Fac / *Low x2) -7/Lower Caves -7/Lower Caves (discovered 2 exits: *Fac / *Zio) -7/Zion (discovered 2 exits: [*Dee] / [*Pro]) -6/Proximity Caves -6/Factory (discovered 4 exits: *Fac x2 / *Low x2) -6/Lower Caves -6/Lower Caves -6/Data Miner (discovered 1 exit: [*Pro]) History --------- Turn | Location | Event 1 | -11/Junkyard | Discovered new exit (range 0) 1 | -11/Junkyard | Entered Materials 153 | -10/Materials | Discovered new exit (range 16) 318 | -10/Materials | Build established: Mutant 384 | -10/Materials | Discovered new exit (range 3) 711 | -10/Materials | Discovered new exit (range 14) 906 | -10/Materials | Discovered new exit (range 15) 993 | -10/Materials | Discovered new exit (range 14) 1328 | -10/Materials | Entered Mines 1356 | -10/Mines | Received a Rocket Launcher from a helpful Derelict 1438 | -10/Mines | Discovered new exit (range 10) 1798 | -10/Mines | Assisted by bots powering up and referring to "LRC-V3" 1994 | -10/Mines | Learned location of Recycling (-9) 2074 | -10/Mines | Discovered new exit (range 16) 2195 | -10/Mines | Entered Materials 2195 | -9/Materials | Accompanied by 3 allies 2195 | -9/Materials | Evolved 2 slots: Propulsion x1, Utility x1 2424 | -9/Materials | Identified exit to Mines 2424 | -9/Materials | Identified exit to Storage 2727 | -9/Materials | Entered Storage 2825 | -9/Storage | Build established: Scavenger-Mutant 2839 | -9/Storage | Garrison activated, responded to threat 3343 | -9/Storage | Discovered new exit (range 16) 3353 | -9/Storage | Assisted by bots powering up and referring to "LRC-V3" 3391 | -9/Storage | Met a pair of Derelict thieves 3430 | -9/Storage | Entered Materials 3430 | -8/Materials | Accompanied by 7 allies 3430 | -8/Materials | Evolved 2 slots: Propulsion x1, Utility x1 5288 | -8/Materials | Discovered new exit (range 14) 5519 | -8/Materials | Entered Factory 5519 | -7/Factory | Evolved 2 slots: Utility x2 5672 | -7/Factory | Identified exit to Lower Caves 5806 | -7/Factory | Fabricated Trap Extractor (x2) 5860 | -7/Factory | Build established: Scavenger-Scout 5901 | -7/Factory | Discovered new exit (range 6) 6027 | -7/Factory | Entered Lower Caves 6052 | -7/Lower Caves | Learned 4 Factory zone layouts 6184 | -7/Lower Caves | Crushed by falling debris 6219 | -7/Lower Caves | Discovered new exit (range 9) 6225 | -7/Lower Caves | Learned Factory interactive machine intel 6228 | -7/Lower Caves | Entered another Lower Caves area 6247 | -7/Lower Caves | Discovered new exit (range 11) 6248 | -7/Lower Caves | Encountered a Warlord checkpoint 6262 | -7/Lower Caves | Spotted B-75 Beast 6379 | -7/Lower Caves | Ambushed by research squad 6385 | -7/Lower Caves | Identified exit to Zion 6400 | -7/Lower Caves | Learned location of Zion (-7) 6406 | -7/Lower Caves | Entered Zion 6420 | -7/Zion | Given the Hacking Drone Bay 6420 | -7/Zion | Found Prototype Device 6428 | -7/Zion | System corruption cleaned by Quarantine Array 6441 | -7/Zion | Found Prototype Device 6441 | -7/Zion | Identified Mobile Refinery Mk. CCLXVII 6456 | -7/Zion | Received a hallucinogenic algorithm 6485 | -7/Zion | Build established: Hacker-Sprinter 6498 | -7/Zion | Identified Hacking Drone Bay 6514 | -7/Zion | Learned location of 1 exit from Factory 6602 | -7/Zion | Given A8's code to call for help 6608 | -7/Zion | Found CR-A16's Pointy Stick 6666 | -7/Zion | Discovered new exit (range 4) 6668 | -7/Zion | Saw the warning signs outside the Deep Caves entrance 6828 | -7/Zion | Discovered new exit (range 12) 6847 | -7/Zion | Entered Proximity Caves 6863 | -6/Proximity Caves | Identified exit to Factory 6991 | -6/Proximity Caves | Entered Factory 6991 | -6/Factory | Evolved 2 slots: Propulsion x2 6992 | -6/Factory | Identified exit to Factory 6994 | -6/Factory | Loaded intel: 50 interactive machine locations 7123 | -6/Factory | Discovered new exit (range 9) 7524 | -6/Factory | P-60 Hacker assimilated allied Administrator 5c 7543 | -6/Factory | Discovered exit to Factory (range 13) 7563 | -6/Factory | Lost 4 parts (1p2n1w) 7564 | -6/Factory | Discovered new exit (range 11) 7577 | -6/Factory | Garrison activated, responded to threat 7607 | -6/Factory | Identified exit to Lower Caves 7607 | -6/Factory | Entered Lower Caves 7609 | -6/Lower Caves | Encountered a Warlord checkpoint 7829 | -6/Lower Caves | Learned location of Extension (-5) 7830 | -6/Lower Caves | Discovered new exit (range 13) 7833 | -6/Lower Caves | Identified exit to Lower Caves 7833 | -6/Lower Caves | Entered another Lower Caves area 7866 | -6/Lower Caves | Lost 3 parts (1p1n1u) 7907 | -6/Lower Caves | Encountered a Warlord checkpoint 8129 | -6/Lower Caves | Build established: Mutant 8145 | -6/Lower Caves | Learned location of 1 exit from Factory 8146 | -6/Lower Caves | Spotted B-75 Beast 8146 | -6/Lower Caves | Discovered new exit (range 6) 8147 | -6/Lower Caves | Core integrity fell below 50% 8147 | -6/Lower Caves | Identified exit to Data Miner 8148 | -6/Lower Caves | Entered Data Miner 8148 | -6/Data Miner | Discovered new exit (range 6) 8155 | -6/Data Miner | Met Data Miner 8163 | -6/Data Miner | Learned location of Section 7 (-2) 8163 | -6/Data Miner | Acquired the access code to Warlord's prototype stash 8166 | -6/Data Miner | Received God Mode back door access code from Data Miner 8227 | -6/Data Miner | Data Conduit disabled 8240 | -6/Data Miner | Core integrity fell below 20% 8245 | -6/Data Miner | Destroyed by Enhanced Grunt with Neutron Cannon Last Messages --------------- testing. We don't want to anger him at this point, otherwise we'd point out they're in his stash, behind the door with an access code of \\MML9. Data Miner: I've just received further instructions. God Mode is nearly complete and we think you might be able to put it to better use than Warlord, so if you see an opportunity, hack it and enter \\XGXA to gain control via the back door I've installed. Now off with you. 08170_ Dropped Shock Maul. 08170_ Dropped Phasing Sabre. 08171_ System corrupted: Heat flow error (+229). 08172_ Dropped Cloaking Device. 08215_ Sneak attack on Data Miner. 08215_ Destroyed Lgt. Angular Momentum Engine. 08215_ Data Miner disappears through a trap door. 08221_ Imp. VTOL Module destroyed. 08224_ Acquired Phasing Sabre. 08226_ Acquired Shock Maul. 08227_ Data Conduit disabled. 08233_ Imp. VTOL Module destroyed. 08233_ Med. Storage Unit destroyed. Map ----- +----------------------------------------------------+ | | | | | | | | | | | | | | | | | | | | | | | | | | | | | | | | | | | ????????????????????????????????????????????????? | | ????????????????????????????????????????????????? | | ????????????????????????????????????????????????? | | ????????????????????????????????????????????????? | | ?????????????????????????????????????####???????? | | ??????###############??????????????### #???????? | | ??????"""""""""" ]""######?# #????## #???????? | | ?????"""""""" !"|"" """# ; # # ## < ##???????? | | ????""""""""" !g g @ ######??? | | ????""""" g #??? | | ????"""""" #??? | | ????""""" g #??? | | ????"""""" ##??? | | ????"""""" "" """""""""""""#####???? | | ????""""""" """"###############???????? | | ?????"""""" """""###?????????????????????? | | ??????""""""" "#####???????????????????????? | | ??????######"## "#???????????????????????????? | | ???????????#"### "#???????????????????????????? | | ???????????#"### "#???????????????????????????? | | ???????????#"## "#???????????????????????????? | | ????????????"## "#???????????????????????????? | | ?????????????# "#???????????????????????????? | | ?????????????### "#???????????????????????????? | | ???????????????# "##??????????????????????????? | | ??????????????## ""#??????????????????????????? | | ???????????#?## ""#??????????????????????????? | | ??????????##"#"X ""#??????????????????????????? | | ?????????"""""" "####???????????????????????? | | ?????????#""""" X"""""???????????????????????? | | ?????????###"#"X "##"#???????????????????????? | | ???????????#?## X""""#???????????????????????? | | ??????????????## "##"#???????????????????????? | +----------------------------------------------------+ Best States ------------- Heat Dissipation 45 Energy Generation 18 Energy Capacity 250 Matter Stores 300 Matter Capacity 300 Sight Range 16 Robot Scan Range 16 Terrain Scan Density 10 Armor Coverage 150 Evasion (%) 64 Recoil Reduction 4 Offensive Hacking 20 Defensive Hacking 11 Item Schematics ----------------- Hacking Suite | -7/Factory | Scanalyzed Trap Extractor | -7/Factory | Scanalyzed Xenon Bombardment Thruster | -7/Factory | Hacked System Shield | -7/Factory | Hacked Imp. VTOL Module | -7/Factory | Scanalyzed Hvy. Pick | -7/Zion | Archive Mak. Hacking Suite | -7/Zion | Archive Core Analyzer | -7/Zion | Archive Adv. Terrain Scanner | -7/Zion | Archive Imp. Transmission Jammer | -7/Zion | Archive Adv. Terrain Scan Processor | -7/Zion | Archive Power Amplifier | -7/Zion | Archive Mak. Laser | -7/Zion | Archive Mak. Hover Unit | -7/Zion | Archive Lightning Gun | -7/Zion | Archive Adv. Heat Sink | -7/Zion | Archive Mak. Salvage Targeting Computer | -7/Zion | Archive Matter Compressor | -7/Zion | Archive Gravmag System | -7/Zion | Archive Imp. Plasma Cutter | -7/Zion | Archive Combat Drone Bay | -6/Data Miner | Free Lgt. Regenerative Plating | -6/Data Miner | Free Cld. Nuclear Pulse Thruster | -6/Data Miner | Free Prc. Matter Filter | -6/Data Miner | Free Neutron Cannon | -6/Data Miner | Free Adv. Medium Treads | -6/Data Miner | Free Nanoactuators | -6/Data Miner | Free Railgun | -6/Data Miner | Free Quantum Capacitor | -6/Data Miner | Free Adv. Force Field | -6/Data Miner | Free Enh. Force Lance | -6/Data Miner | Free Robot Schematics ------------------ H-77 Assassin | -7/Zion | Archive R-06 Scavenger | -7/Zion | Archive B-48 Gladiator | -7/Zion | Archive M-22 Extractor | -6/Data Miner | Free S-27 Virus | -6/Data Miner | Free B-60 Warrior | -6/Data Miner | Free O-32 Director | -6/Data Miner | Free Fabricated ------------ Trap Extractor | x2 | -7/Factory Alien Tech Used ----------------- None Achievements -------------- None Challenges ------------ None Game ------ Seed LobotomyRefineryShearcannon Manual? 0 Play Time 01:24:42 Cumulative 241.7 hours Start 2023.03.22 @ 22:33:52 End 2023.03.23 @ 01:11:47 Sessions 5 Manual Loads 0 Difficulty Rogue Special Mode None Game No. 311 Rogue 311 Adventurer 0 Explorer 0 Win Type - Total 6 Types 1/1/3/0/0/0/1/0/0 Lore% 80 Gallery% 86 Achievement% 68 Wizard Run 0 Options --------- ASCII 0 Keyboard 0 Movement Numpad Keybinds 0 Fullscreen 2 Font 18/SmallcapsGlow Map View 76x50 Tactical HUD 1 Map Filters NONE Filters NONE Steam 1 RUN: cdc415b7-932a-4bdc-8282-e7d14ed942bb